 Dungeon Crawl Stone Soup version 0.28.0-45-g0d030f2227 (webtiles) character file.

Game seed: 3297269281995805210

1390 101zpm the Gusty (level 8, -1/58 HPs)
             Began as a Gnoll Air Elementalist on Apr 23, 2022.
             Slain by Maggie
             ... wielding a +0 glaive
              (18 damage)
             ... on level 6 of the Dungeon.
             The game lasted 00:21:31 (5825 turns).

101zpm the Gusty (Gnoll Air Elementalist)           Turns: 5825, Time: 00:21:32

Health: -1/58      AC:  4    Str: 14    XL:     8   Next: 68%
Magic:  0/17       EV: 14    Int: 17    God:
Gold:   211        SH:  0    Dex: 12    Spells: 14/19 levels left

rFire   . . .      SeeInvis +     - Unarmed
rCold   . . .      Faith    .   (no shield)
rNeg    . . .      Spirit   .   a - +0 robe
rPois   .          Reflect  .   (no helmet)
rElec   .          Harm     .   h - +0 cloak
rCorr   .          Rampage  .   (no gloves)
Will    .....                   q - +0 pair of boots
Stlth   +++.......              c - amulet of magic regeneration
HPRegen 0.19/turn               i - ring of see invisible
MPRegen 0.55/turn               p - +6 ring of strength

@: no status effects
A: fangs 1, strong nose, distributed training
a: no special abilities


You were on level 6 of the Dungeon.
You visited 1 branch of the dungeon, and saw 6 of its levels.

You collected 211 gold pieces.

Inventory:

Hand Weapons
 t - a +1 whip of holy wrath
Armour
 a - a +0 robe (worn)
 h - a +0 cloak (worn)
 q - a +0 pair of boots (worn)
Jewellery
 b - a ring of fire
 c - an amulet of magic regeneration (around neck)
 i - a ring of see invisible (left hand)
 p - a +6 ring of strength (right hand)
 r - an amulet of the acrobat
Wands
 g - a wand of flame (39)
 o - a wand of charming (7)
Scrolls
 d - 2 scrolls of identify {unknown}
 e - 2 scrolls of teleportation {unknown}
 j - a scroll of vulnerability {unknown}
 k - a scroll of fear {unknown}
 u - a scroll of magic mapping {unknown}
Potions
 f - a potion of attraction {unknown}
 l - 2 potions of cancellation {unknown}
 m - a potion of berserk rage {unknown}
 n - a potion of heal wounds {unknown}
 s - a potion of lignification {unknown}


   Skills:
 + Level 3.4 Fighting
 + Level 3.4 Short Blades
 + Level 3.4 Long Blades
 + Level 3.4 Axes
 + Level 3.4 Maces & Flails
 + Level 3.4 Polearms
 + Level 3.4 Staves
 + Level 3.4 Slings
 + Level 3.4 Bows
 + Level 3.4 Crossbows
 + Level 3.4 Throwing
 + Level 3.4 Armour
 + Level 5.8 Dodging
 + Level 5.5 Stealth
 + Level 3.4 Shields
 + Level 3.4 Unarmed Combat
 + Level 6.1 Spellcasting
 + Level 3.6 Conjurations
 + Level 2.8 Hexes
 + Level 2.8 Summonings
 + Level 2.8 Necromancy
 + Level 2.8 Translocations
 + Level 2.8 Transmutations
 + Level 2.8 Fire Magic
 + Level 2.8 Ice Magic
 + Level 6.2 Air Magic
 + Level 2.8 Earth Magic
 + Level 2.8 Poison Magic
 + Level 3.8 Invocations
 + Level 3.4 Evocations


You had 14 spell levels left.
You knew the following spells:

 Your Spells              Type           Power      Damage    Failure   Level
a - Shock                 Conj/Air       88%        1d8       1%          1
b - Airstrike             Air            13%        N/A       10%         4

Your spell library contained the following spells:

 Spells                   Type           Power      Damage    Failure   Level
 Static Discharge         Conj/Air       22%        N/A       2%          2
 Poisonous Vapours        Pois/Air       40%        N/A       3%          2
 Swiftness                Air            26%        N/A       3%          3
 Sting                    Tmut/Pois      56%        1d5       4%          1
 Confusing Touch          Hex            14%        N/A       12%         3
 Olgreb's Toxic Radiance  Pois           14%        N/A       36%         4
 Yara's Violent Unravell  Hex/Tmut       7%         3d5       73%         5
 Enfeeble                 Hex            7%         N/A       100%        7


Dungeon Overview and Level Annotations

Branches:
Dungeon (6/15)
 Temple: D:4-7

Altars:
Makhleb
Nemelex Xobeh
The Shining One

Annotations:
D:6 Maggie


Innate Abilities, Weirdness & Mutations

You have very sharp teeth.
Your uncanny sense of smell can sniff out nearby items.
Your experience applies equally to all skills.


Message History

Aiming: Shock (safe; 1% risk of failure)
Press: ? - help, Q - select action, (/) - cycle Shift-Dir - straight line, f/p - Maggie
Aim: Maggie, wielding a +0 glaive and wearing +0 acid dragon scales (severely wounded, 74% to hit)
The zap hits Maggie.
Maggie is severely wounded.
Maggie misses you.
Maggie points at you and mumbles some strange words.
The bolt of fire misses you.
Aiming: Shock (safe; 1% risk of failure)
Press: ? - help, Q - select action, (/) - cycle Shift-Dir - straight line, f/p - Maggie
Aim: Maggie, wielding a +0 glaive and wearing +0 acid dragon scales (severely wounded, 74% to hit)
The zap hits Maggie but does no damage.
Maggie is severely wounded.
Aiming: Shock (safe; 1% risk of failure)
Press: ? - help, Q - select action, (/) - cycle Shift-Dir - straight line, f/p - Maggie
Aim: Maggie, wielding a +0 glaive and wearing +0 acid dragon scales (severely wounded, 74% to hit)
The zap hits Maggie.
Maggie is severely wounded.
Maggie completely misses you.
Aiming: Shock (safe; 1% risk of failure)
Press: ? - help, Q - select action, (/) - cycle Shift-Dir - straight line, f/p - Maggie
Aim: Maggie, wielding a +0 glaive and wearing +0 acid dragon scales (severely wounded, 74% to hit)
The zap hits Maggie!
Maggie is almost dead.
Maggie hits you from afar with a +0 glaive!
Aiming: Shock (safe; 1% risk of failure)
Press: ? - help, Q - select action, (/) - cycle Shift-Dir - straight line, f/p - Maggie
Aim: Maggie, wielding a +0 glaive and wearing +0 acid dragon scales (almost dead, 74% to hit)
The zap hits Maggie!
Maggie is almost dead.
Maggie gestures at you while chanting. The bolt of fire hits you!!
* * * LOW HITPOINT WARNING * * *
Aiming: Shock (safe; 1% risk of failure)
Press: ? - help, Q - select action, (/) - cycle Shift-Dir - straight line, f/p - Maggie
Aim: Maggie, wielding a +0 glaive and wearing +0 acid dragon scales (almost dead, 74% to hit)
The zap hits Maggie but does no damage.
Maggie is almost dead.
Maggie hits you from afar with a +0 glaive!!
You die...

#<##.# #.##.#
##.##.#
#[###...#.######
#.....#..........
#####...#####(##.
##.######
#......# ######@#
# #.#.## #@...#
#..#.....
##...###. .....
....... .....##
...###


You could see Maggie.

Vanquished Creatures
  A wraith (D:5)
  Menkaure (D:5)
  A water moccasin (D:5)
  A black bear (D:5)
  A sky beast (D:4)
  2 ogres
  A phantom (D:2)
  A scorpion (D:5)
  2 bullfrog zombies
  A hound (D:5)
  2 jellies (D:5)
  2 bullfrog skeletons (D:5)
  An iron imp (D:5)
  An iguana (D:3)
  An orc wizard (D:3)
  A hound skeleton (D:4)
  10 adders
  A howler monkey zombie (D:5)
  An adder zombie (D:5)
  A worm (D:2)
  A dart slug (D:1)
  13 orcs
  4 ball pythons
  10 endoplasms
  3 giant cockroaches
  3 goblins
  7 hobgoblins
  10 jackals
  4 quokkas
  9 bats
  6 frilled lizards
  2 goblin zombies (D:5)
  A hobgoblin zombie (D:5)
  15 kobolds
  2 kobold zombies (D:5)
  2 orc skeletons (D:5)
  4 rats
129 creatures vanquished.

Notes
Turn   | Place    | Note
-------+----------+-------------------------------------------
     0 | D:1      | 101zpm the Gnoll Air Elementalist began the quest for the
                  | Orb.
     0 | D:1      | Reached XP level 1. HP: 13/13 MP: 6/6
   549 | D:1      | Reached XP level 2. HP: 19/19 MP: 5/7
   661 | D:1      | Found a faded altar of an unknown god.
   997 | D:1      | Reached XP level 3. HP: 25/25 MP: 6/9
  1014 | D:1      | Reached skill level 5 in Spellcasting
  1169 | D:2      | Reached skill level 1 in Invocations
  1352 | D:2      | Reached skill level 1 in Fighting
  1352 | D:2      | Reached skill level 1 in Short Blades
  1352 | D:2      | Reached skill level 1 in Long Blades
  1352 | D:2      | Reached skill level 1 in Axes
  1352 | D:2      | Reached skill level 1 in Maces & Flails
  1352 | D:2      | Reached skill level 1 in Polearms
  1352 | D:2      | Reached skill level 1 in Staves
  1352 | D:2      | Reached skill level 1 in Slings
  1352 | D:2      | Reached skill level 1 in Bows
  1352 | D:2      | Reached skill level 1 in Crossbows
  1352 | D:2      | Reached skill level 1 in Throwing
  1352 | D:2      | Reached skill level 1 in Armour
  1352 | D:2      | Reached skill level 1 in Shields
  1352 | D:2      | Reached skill level 1 in Unarmed Combat
  1352 | D:2      | Reached skill level 1 in Evocations
  1425 | D:2      | Reached XP level 4. HP: 24/32 MP: 8/11
  1547 | D:2      | Noticed a phantom
  1841 | D:4      | Reached skill level 1 in Hexes
  1841 | D:4      | Reached skill level 1 in Summonings
  1841 | D:4      | Reached skill level 1 in Necromancy
  1841 | D:4      | Reached skill level 1 in Translocations
  1841 | D:4      | Reached skill level 1 in Transmutations
  1841 | D:4      | Reached skill level 1 in Fire Magic
  1841 | D:4      | Reached skill level 1 in Ice Magic
  1841 | D:4      | Reached skill level 1 in Earth Magic
  1841 | D:4      | Reached skill level 1 in Poison Magic
  2010 | D:4      | Reached XP level 5. HP: 37/37 MP: 10/12
  2271 | D:4      | Noticed a sky beast
  3068 | D:3      | Reached XP level 6. HP: 44/44 MP: 10/13
  3195 | D:2      | Reached skill level 5 in Dodging
  3988 | D:5      | Entered Level 5 of the Dungeon
  4110 | D:5      | Reached XP level 7. HP: 48/50 MP: 10/15
  4115 | D:5      | Learned a level 4 spell: Airstrike
  4430 | D:5      | Found a glowing golden altar of the Shining One.
  4484 | D:6      | Noticed a wraith
  4491 | D:5      | Killed a wraith
  4492 | D:5      | Reached skill level 5 in Stealth
  4563 | D:5      | Noticed Menkaure
  5090 | D:5      | Reached XP level 8. HP: 57/57 MP: 10/16
  5277 | D:5      | Killed Menkaure
  5440 | D:5      | Found a sparkling altar of Nemelex Xobeh.
  5479 | D:5      | Found a burning altar of Makhleb.
  5810 | D:6      | Noticed Maggie
  5825 | D:6      | Slain by Maggie

Illustrated notes

Levels and vault maps discovered:
D:1:      dpeg_arrival_signposts, layout_basic, shapermc_ecumenical_altar_venn,
          st_stairs_1
D:2:      minmay_diamond_boxcup, layout_basic, bh_walls_and_bars
D:3:      layout_rooms
D:4:      layout_cave_pods
D:5:      layout_loops_corners, nicolae_tso_besieged_by_evil,
          nemelex_spade_bored_becter, lemuel_round_altar, uniq_menkaure
D:6:      layout_loops_ring, grunt_qazlal_clouds, lemuel_crystal_altar,
          minmay_temple_entry_poolview, serial_shops, nicolae_shop_behind_doors,
          uniq_maggie, uniq_grinder

Skill      XL: |  1  2  3  4  5  6  7  8 |
---------------+-------------------------+-----
Conjurations   | 2 3 |  3.6
Spellcasting   | 5 6 |  6.1
Invocations    | 1 2 3 |  3.8
Fighting       | 1 2 3 |  3.4
Short Blades   | 1 2 3 |  3.4
Long Blades    | 1 2 3 |  3.4
Axes           | 1 2 3 |  3.4
Maces & Flails | 1 2 3 |  3.4
Polearms       | 1 2 3 |  3.4
Staves         | 1 2 3 |  3.4
Slings         | 1 2 3 |  3.4
Bows           | 1 2 3 |  3.4
Crossbows      | 1 2 3 |  3.4
Throwing       | 1 2 3 |  3.4
Armour         | 1 2 3 |  3.4
Shields        | 1 2 3 |  3.4
Unarmed Combat | 1 2 3 |  3.4
Evocations     | 1 2 3 |  3.4
Hexes          | 1 2 |  2.8
Summonings     | 1 2 |  2.8
Necromancy     | 1 2 |  2.8
Translocations | 1 2 |  2.8
Transmutations | 1 2 |  2.8
Fire Magic     | 1 2 |  2.8
Ice Magic      | 1 2 |  2.8
Earth Magic    | 1 2 |  2.8
Poison Magic   | 1 2 |  2.8
Dodging        | 5 |  5.8
Stealth        | 5 |  5.5
Air Magic      | 6 |  6.2

Action                   |  1- 3 |  4- 6 |  7- 9 || total
-------------------------+-------+-------+-------++-------
 Cast: Shock             |    76 |   147 |    54 ||   277
       Airstrike         |       |       |    47 ||    47
Armor: Robe              |     3 |     8 |     4 ||    15
Dodge: Dodged            |    15 |    25 |    21 ||    61
